 Dungeon Crawl Stone Soup version 0.21.1-1-g345015fe64 (webtiles) character file.

742 Oravi the Changer (level 7, 0/49 HPs)
             Began as a Merfolk Transmuter on Apr 16, 2018.
             Shot with an arrow by a centaur (14 damage)
             ... on level 5 of the Dungeon.
             The game lasted 00:23:15 (5114 turns).

Oravi the Changer (Merfolk Transmuter)              Turns: 5114, Time: 00:23:15

Health: 0/49       AC:  5    Str: 10    XL:     7   Next: 76%
Magic:  10/10      EV: 14    Int: 15    God:
Gold:   266        SH:  0    Dex: 14    Spells: 4/10 levels left

rFire    + . .     SeeInvis .     - Unarmed
rCold    . . .     Gourm    .   (no shield)
rNeg     . . .     Faith    .   b - +1 robe
rPois    .         Spirit   .   (no helmet)
rElec    .         Reflect  .   (no cloak)
rCorr    .         Harm     .   f - +0 pair of gloves (curse)
MR       .....                  s - +0 pair of boots
Stlth    +.........             (no amulet)
HPRegen  0.16/turn              u - ring of flight
MPRegen  0.12/turn              (no ring)

@: no status effects
A: change form in water, swift swim, stealthy swim, fire resistance 1, mutation
resistance 1
a: Evoke Flight


You were on level 5 of the Dungeon.
You were hungry.

You visited 1 branch of the dungeon, and saw 5 of its levels.

You collected 266 gold pieces.

Inventory:

Missiles
 a - 51 arrows
Armour
 b - a +1 robe (worn)
 f - a cursed +0 pair of gloves (worn)
 s - a +0 pair of boots (worn)
Magical Staves
 q - an uncursed staff of fire
Jewellery
 u - a ring of flight (left hand)
Wands
 h - a wand of paralysis (6)
 v - a wand of polymorph (15)
Scrolls
 i - a scroll of enchant weapon {unknown}
 k - a scroll of magic mapping
 l - a scroll of enchant armour
 o - a scroll of immolation {unknown}
 p - 2 scrolls of remove curse
Potions
 e - a potion of curing
 j - 3 potions of degeneration
 n - 2 potions of heal wounds
 r - a potion of brilliance
Books
 c - a book of Changes

   Spells                             Type                      Level
   a - Beastly Appendage              Transmutation                1
   b - Sticks to Snakes               Transmutation                2
   c - Spider Form                    Transmutation/Poison         3
   d - Ice Form                       Ice/Transmutation            4
   e - Blade Hands                    Transmutation                5
 m - a book of Misfortune

   Spells                             Type                      Level
   a - Confusing Touch                Hexes                        1
   b - Confuse                        Hexes                        3
   c - Gell's Gravitas                Translocation                3
   d - Petrify                        Transmutation/Earth          4
   e - Metabolic Englaciation         Hexes/Ice                    5
   f - Yara's Violent Unravelling     Hexes/Transmutation          5
Comestibles
 d - 13 rations
 g - 11 chunks of flesh


   Skills:
 + Level 1.7 Fighting
 + Level 0.1 Staves
 + Level 4.4 Dodging
 + Level 6.0 Unarmed Combat
 - Level 2.0 Spellcasting
 * Level 6.6 Transmutations
 * Level 4.0 Poison Magic


You had 4 spell levels left.
You knew the following spells:

 Your Spells              Type           Power        Failure   Level  Hunger
a - Beastly Appendage     Tmut           ###...       1%          1    #......
b - Sticks to Snakes      Tmut           ###.....     2%          2    ###....
c - Spider Form           Tmut/Pois      ###.......   8%          3    ###....


Dungeon Overview and Level Annotations

Branches:
Dungeon (5/15)
 Temple: D:4-7

Altars:
Dithmenos
Trog
Vehumet
Wu Jian
Xom
Zin


Innate Abilities, Weirdness & Mutations

You revert to your normal form in water.
You are very nimble and swift while swimming.
You are very stealthy in the water. (Stealth+)
Your flesh is heat resistant. (rF+)
You are somewhat resistant to further mutation.


Message History

The centaur shoots an arrow.
The arrow hits you! The arrow burns you.
* * * LOW HITPOINT WARNING * * *
An ogre comes into view. It is wielding a giant spiked club.
You see here an arrow.
You bump into the rock wall.
The centaur shoots an arrow.
The arrow completely misses you.
The centaur shoots an arrow.
The arrow hits you!
* * * LOW HITPOINT WARNING * * *
The arrow burns you.
* * * LOW HITPOINT WARNING * * *
You feel better.
You feel less invigorated.
The centaur shoots an arrow.
The arrow barely misses you.
The centaur shoots an arrow.
The arrow closely misses you.
The centaur shoots an arrow.
The arrow barely misses you.
Your transformation has ended.
Your cursed +0 pair of gloves unmelds from your body.
Your +0 pair of boots unmelds from your body.
Your +1 robe unmelds from your body.
The centaur shoots an arrow.
The arrow hits you!
You die...

.. #..# #.####.##
#......# ####.###
#.# #.# #.# #(#
.... #.#.#@# ....
#.#.#.# .....
..#.#(# .....
#.#.#.### ......
#.......#
....hh##.....#.#
...[(......Oc#...
........<..#.# #.#
....$.#.#......#.#


You could see an ogre and a centaur.

Vanquished Creatures
  An orc warrior (D:3)
  An ogre (D:3)
  A scorpion (D:4)
  A howler monkey (D:5)
  A crimson imp (D:5)
  An orc priest (D:5)
  2 hounds
  3 centaur skeletons (D:4)
  An iguana (D:4)
  An orc wizard (D:4)
  A worker ant (D:4)
  6 adders
  A howler monkey skeleton (D:4)
  5 worms
  3 dart slugs
  2 leopard geckos
  16 orcs
  9 bats
  5 giant cockroaches
  15 goblins
  12 hobgoblins
  7 jackals
  6 quokkas
  5 frilled lizards
  11 kobolds
  10 rats
127 creatures vanquished.

Notes
Turn   | Place    | Note
-------+----------+-------------------------------------------
     0 | D:1      | Oravi the Merfolk Transmuter began the quest for the Orb.
     0 | D:1      | Reached XP level 1. HP: 15/15 MP: 3/3
   225 | D:1      | Reached XP level 2. HP: 18/21 MP: 3/5
  1402 | D:2      | Reached XP level 3. HP: 26/26 MP: 4/6
  1621 | D:2      | Learned a level 2 spell: Sticks to Snakes
  1625 | D:2      | Learned a level 3 spell: Spider Form
  2105 | D:2      | Found a radiant altar of Vehumet.
  2105 | D:2      | Found a shimmering altar of Xom.
  2105 | D:2      | Found a shadowy altar of Dithmenos.
  2372 | D:3      | Reached skill level 1 in Poison Magic
  2423 | D:2      | Reached XP level 4. HP: 26/32 MP: 0/7
  3061 | D:3      | Noticed an ogre
  3074 | D:3      | Killed an ogre
  3074 | D:3      | Reached skill level 5 in Transmutations
  3074 | D:3      | Reached XP level 5. HP: 16/37 MP: 2/8
  3490 | D:3      | Noticed an orc warrior
  3497 | D:3      | Killed an orc warrior
  3497 | D:3      | Reached XP level 6. HP: 22/43 MP: 6/9
  3795 | D:4      | Reached skill level 5 in Unarmed Combat
  3905 | D:4      | Gained mutation: Your flesh is heat resistant. (rF+) [potion of mutation]
  3905 | D:4      | Gained mutation: You are somewhat resistant to further mutation. [potion of mutation]
  4064 | D:4      | Reached XP level 7. HP: 37/48 MP: 7/10
  4360 | D:4      | Found an ornate altar of the Wu Jian Council.
  4658 | D:5      | Entered Level 5 of the Dungeon
  5014 | D:5      | Noticed a moth of wrath
  5017 | D:5      | Found a bloodstained altar of Trog.
  5074 | D:5      | Found a glowing silver altar of Zin.
  5114 | D:5      | Shot with an arrow by a centaur

Skill      XL: |  1  2  3  4  5  6  7 |
---------------+----------------------+-----
Transmutations | 3 4 5 6 |  6.6
Dodging        | 3 4 |  4.4
Poison Magic   | 1 2 3 4 |  4.0
Unarmed Combat | 4 5 6 |  6.0
Fighting       | |  1.7
Staves         | |  0.1
Spellcasting   | |  2.0

Action                   |  1- 3 |  4- 6 |  7- 9 || total
-------------------------+-------+-------+-------++-------
Melee: Unarmed           |   124 |   135 |   100 ||   359
       Headbutt          |    16 |       |       ||    16
       Staff             |       |     1 |       ||     1
 Cast: Beastly Appendage |    21 |       |       ||    21
       Spider Form       |    11 |    21 |    15 ||    47
  Use: Scroll            |     7 |     4 |     1 ||    12
       Potion            |     1 |     2 |     2 ||     5
 Stab: Sleeping          |     1 |     1 |       ||     2
  Eat: Chunk             |     6 |     9 |     5 ||    20
Armor: Robe              |    21 |     4 |       ||    25
       Skin              |     2 |     4 |     5 ||    11
Dodge: Dodged            |   115 |   119 |    95 ||   329
